[Event "Czech Open-GM 2022"]
[Site "Pardubice"]
[Date "2022.07.26"]
[Round "5.15"]
[White "Sorensen, Hampus"]
[Black "Aradhya, Garg"]
[Result "1/2-1/2"]
[ECO "C78"]
[WhiteElo "2376"]
[BlackElo "2229"]
[Annotator "TA"]
[PlyCount "101"]
[EventDate "2022.07.22"]
[EventType "swiss"]
[EventCountry "CZE"]
[SourceTitle "playchess.com"]
[Source "ChessBase"]
[SourceQuality "1"]
[TimeControl "40/5400+30:1800+30"]

1. e4 e5 2. Nf3 Nc6 3. Bb5 a6 4. Ba4 Nf6 5. O-O b5 6. Bb3 Bc5 7. c3 d6 8. d4 Bb6 9. Be3 O-O {[%emt 0:00:52] C78: Ruy Lopez: Archangelsk and Möller Defences.} 10. Nbd2 Rb8 11. h3 h6 12. Re1 {[%emt 0:04:29] [#]} exd4 $146 ({Predecessor:} 12... Re8 13. a3 Bd7 14. Bc2 a5 15. Bd3 a4 16. Qc2 Na5 17. Rad1 c5 18. dxe5 dxe5 {½-½ (48) Nihal,S (2652)-Maghsoodloo,P (2701) Belgrade 2022}) 13. cxd4 (13. Nxd4 Nxd4 14. cxd4 Bb7 $11) 13... Nb4 14. Nf1 c5 $1 15. a3 c4 (15... Nc6 $1 $14) 16. axb4 $16 {[%emt 0:02:39] Strongly threatening Bc2.} cxb3 17. N3d2 a5 18. Qxb3 (18. Nxb3 a4 $16) 18... Re8 19. d5 a4 20. Qd3 Nd7 21. Bxb6 Rxb6 22. Nf3 {[%emt 0:08:08] White is more active.} Qf6 23. Re2 Rb8 24. Ne3 (24. Rc1 $16) 24... Ne5 25. Nxe5 Qxe5 26. f3 f5 27. Nd1 $1 Qg3 28. Nf2 ({Much weaker is} 28. exf5 $6 Bxf5 29. Qd2 Bxh3 $11) 28... Bd7 29. Rc1 Rbc8 {[%emt 0:03:12] Prevents Rc7.} 30. Rxc8 (30. Rcc2 $16) 30... Rxc8 $11 31. Rc2 {[%emt 0:00:56] Against Rc1+} ({Reject} 31. exf5 Rc1+ 32. Nd1 Bxf5 $1 $15) 31... Rxc2 32. Qxc2 {[%emt 0:00:01][%mdl 4096] Endgame Qc7 is the strong threat. KQB-KQN} Qe5 {[%emt 0:00:14] [#]} (32... fxe4 $11 33. Qxe4 Qg5) 33. Qd2 $1 $16 Be8 34. exf5 Bf7 35. Ng4 (35. f6 $16) 35... Qxf5 $11 36. Ne3 Qe5 37. Kf2 h5 {[%emt 0:00:19] Inhibits Ng4.} 38. h4 Kf8 39. g3 Ke7 {[%emt 0:01:11] [#]} (39... Kg8 $11) 40. Kg2 ({Better is} 40. f4 $1 $16 Qf6 41. Nd1) 40... Kd8 41. Kf2 Bg8 42. Kg2 Kc7 43. Kh3 Kb7 44. Qd3 Kb6 45. Qe4 {[%emt 0:02:28] aiming for Qxe5.} Qxb2 {[%emt 0:03:31] White must now prevent ...Qe5.} 46. Qe8 {[%emt 0:00:37][%csl LRg8,LRh5] And now Qb8+ would win.} Qc1 47. Qb8+ Ka6 48. Qa8+ Kb6 49. Qb8+ {[%emt 0:00:41] The position is equal.} Ka6 50. Qa8+ Kb6 51. Qd8+ {Black defended with fortune.  Weighted Error Value: White=0.13 (very precise) /Black=0.15 (very precise)} 1/2-1/2

[Event "Czech Open-GM 2022"]
[Site "Pardubice"]
[Date "2022.07.26"]
[Round "5.16"]
[White "Savitha Shri B"]
[Black "Luch, Michal"]
[Result "1/2-1/2"]
[ECO "B32"]
[WhiteElo "2278"]
[BlackElo "2375"]
[Annotator "TA"]
[PlyCount "80"]
[EventDate "2022.07.22"]
[EventType "swiss"]
[EventCountry "CZE"]
[SourceTitle "playchess.com"]
[Source "ChessBase"]
[SourceQuality "1"]
[TimeControl "40/5400+30:1800+30"]

1. e4 c5 2. Nf3 Nc6 3. d4 cxd4 4. Nxd4 Qb6 5. Nb3 Nf6 6. Nc3 e6 7. Be3 Qc7 8. f3 Bb4 $1 {8...Bb4 is better than 8...a6. B33: Sicilian: Pelikan and Sveshnikov Variations.} 9. a3 Bxc3+ 10. bxc3 d5 {Black has an edge.} 11. exd5 Nxd5 12. Bd2 {[#]} (12. Bc5 $1 $11 {remains equal.}) 12... Ne5 $146 ({Predecessor:} 12... O-O 13. Bd3 Ne5 14. Qe2 Nxc3 15. Qe3 Nd5 16. Qe4 Nxd3+ 17. cxd3 Bd7 18. Rc1 Qb6 {0-1 (31) Goettin,G (2017)-Cuartas,J (2495) Sitges 2008}) 13. f4 Nc4 ({Much worse is} 13... Nxc3 $6 14. Qh5 Ng6 15. Qc5 $15) 14. Bxc4 Qxc4 15. Qf3 b6 {Inhibits Na5.} 16. Qd3 Ba6 17. Qxc4 Bxc4 18. O-O-O O-O 19. Rhe1 Rfc8 20. Nd4 g6 21. g4 $1 Rc7 (21... Nf6 $17 22. h3 Bd5) 22. f5 $11 exf5 23. gxf5 Kg7 24. h4 Kg8 25. h5 g5 (25... gxh5 $2 26. Rg1+ Kh8 27. Bh6 $18) 26. Bxg5 f6 ({Black should play} 26... h6 27. Bxh6 Nxc3) 27. Bd2 (27. Bh4 $142) 27... Kf7 {[#]} (27... b5 $16) 28. Ne6 $1 $18 Rcc8 29. Bh6 b5 30. Rd4 Nb6 31. Bf4 {And now Nc7 would win. 0x0.001ebf27c806dp-1022s more active pieces.} Re8 32. Bc7 (32. Rd6 $16) 32... Bxe6 $11 {The position is equal.} 33. fxe6+ Rxe6 34. Rg1 Rae8 35. Bxb6 axb6 {KRR-KRR} 36. Kb2 Re1 37. Rg3 R1e3 38. Rg1 Re1 39. Rg3 R1e3 40. Rg1 Re1 {Weighted Error Value: White=0.10 (very precise) /Black=0.19 (very precise)} 1/2-1/2

[Event "Czech Open-GM 2022"]
[Site "Pardubice"]
[Date "2022.07.26"]
[Round "5.17"]
[White "Svanda, Ondrej"]
[Black "Crevatin, Leo"]
[Result "1/2-1/2"]
[ECO "B12"]
[WhiteElo "2363"]
[BlackElo "2259"]
[Annotator "TA"]
[PlyCount "86"]
[EventDate "2022.07.22"]
[EventType "swiss"]
[EventCountry "CZE"]
[SourceTitle "playchess.com"]
[Source "ChessBase"]
[SourceQuality "1"]
[TimeControl "40/5400+30:1800+30"]

1. e4 c6 2. d4 d5 3. e5 Bf5 4. Nd2 e6 5. Nb3 a6 6. Nf3 {B12: Caro-Kann: Advance Variation.} c5 7. dxc5 Bxc5 8. Nxc5 {White is slightly better.} Qa5+ 9. c3 Qxc5 10. Nd4 {Strongly threatening Be3.} Ne7 11. Nxf5 (11. Qa4+ {looks sharper.} Nd7 12. Be2 Rc8 13. O-O) 11... Nxf5 12. Bd3 Nc6 13. O-O O-O {[#]} (13... Nxe5 $2 14. Bxf5 exf5 15. Re1 $16) 14. g4 $146 {[%cal Bg2g4,Bg4g5][%mdl 2080] White has some pressure.} ({Predecessor:} 14. Qc2 g6 15. b4 Qe7 16. Bf4 d4 17. a3 dxc3 18. Qxc3 Rfd8 19. Bxf5 exf5 20. Rad1 Rxd1 21. Rxd1 {½-½ (41) Ezra,P (2232)-Lee,A (2344) Saint Louis 2022}) 14... Nh4 15. Bg5 $1 Ng6 16. Be3 Qe7 17. f4 f6 18. exf6 Qxf6 19. g5 Qf7 (19... Qe7 $14) 20. Qh5 {Hoping for Rf3.} Nce7 $1 21. Rf3 {aiming for Rh3. White is more active.} Nf5 $1 22. Rh3 Ngh4 $1 23. Qg4 ({Much weaker is} 23. Rxh4 g6 24. Qg4 Nxe3 $11) 23... Ng6 24. Qh5 Ngh4 $1 {Pair of Knights!} 25. Qg4 ({Don't play} 25. Rxh4 g6 26. Qg4 Nxe3 $11) 25... Ng6 26. Bc5 Rfc8 27. Bf2 Nge7 28. Re1 Rc6 29. Rf3 (29. Qe2 $14) 29... Qg6 30. Rh3 (30. a3 $14) 30... Rf8 {[#]} (30... Qf7 $11) 31. Bd4 (31. b4 $1 $16) 31... Qf7 32. Kh1 g6 33. Be5 Nc8 34. Rf3 Nb6 35. h4 Nd7 (35... Nc4 $5 ) 36. Kg2 Nxe5 37. Rxe5 Ng7 38. Rf1 Qc7 39. Qe2 Nh5 40. Qe3 Qb6 $1 41. Qd2 Qc7 (41... d4 $15 42. c4 Rc7) 42. Qe3 $11 Qb6 (42... Rb6 $11 43. b3 Ng7) 43. Qd2 $17 {[#]} Qc7 {Weighted Error Value: White=0.16 (very precise) /Black=0.11 (very precise)} (43... d4 $1 $17 44. c4 Rc7) 1/2-1/2

[Event "Czech Open-GM 2022"]
[Site "Pardubice"]
[Date "2022.07.26"]
[Round "5.18"]
[White "Gloser, David"]
[Black "Nemec, Jachym"]
[Result "1/2-1/2"]
[ECO "B33"]
[WhiteElo "2221"]
[BlackElo "2357"]
[Annotator "TA"]
[PlyCount "62"]
[EventDate "2022.07.22"]
[EventType "swiss"]
[EventCountry "CZE"]
[SourceTitle "playchess.com"]
[Source "ChessBase"]
[SourceQuality "1"]
[TimeControl "40/5400+30:1800+30"]

1. e4 c5 2. Nf3 Nc6 3. d4 cxd4 4. Nxd4 Nf6 5. Nc3 e5 6. Ndb5 d6 7. Bg5 a6 8. Na3 b5 9. Bxf6 gxf6 10. Nd5 Bg7 11. Bd3 Ne7 12. Nxe7 Qxe7 13. O-O f5 14. c4 O-O 15. Qh5 Rb8 16. exf5 e4 17. Rae1 Bb7 18. Qg4 bxc4 {[%emt 0:11:36] B33: Sicilian: Pelikan and Sveshnikov Variations.} 19. Bxe4 (19. Bxc4 d5 20. Bb3 Kh8 $15) 19... Bxe4 (19... h5 $142 20. Bxb7 Qxe1 21. Qxh5 Qe5) 20. Rxe4 $16 Qf6 {[%emt 0:00:23] White is clearly better.} 21. Rxc4 ({Not} 21. Nxc4 d5 22. Ne5 dxe4 $17) 21... Rxb2 22. Rc2 Rfb8 {[%emt 0:01:13] [#]} 23. Rxb2 $146 ({White should play} 23. Rc6 $16) ({Predecessor:} 23. Rd1 d5 24. g3 Qe5 25. Rxb2 Rxb2 26. Nc4 Qe2 27. Qxe2 Rxe2 28. Rxd5 Bc3 29. a3 {1-0 (42) Chekhov,S (2465)-Gladyszev,O (2438) Elets 2014}) 23... Rxb2 $14 24. Nc4 $40 {[%emt 0:04:33][%mdl 128] White is up to no good.} Rxa2 25. Qd1 Qxf5 {[%emt 0:09:07] The position is equal.} 26. Qxd6 h6 27. h3 Kh7 28. Ne3 Qg6 29. Qd5 Rb2 30. Rc1 Rb5 31. Qf3 Rb1 {[%emt 0:02:42] Weighted Error Value: White=0.15 (very precise) /Black=0.05 (flawless)} 1/2-1/2

[Event "Czech Open-GM 2022"]
[Site "Pardubice"]
[Date "2022.07.26"]
[Round "5.19"]
[White "Soham Datar"]
[Black "Kusa, Jakub"]
[Result "1/2-1/2"]
[ECO "C80"]
[WhiteElo "2111"]
[BlackElo "2353"]
[Annotator "TA"]
[PlyCount "74"]
[EventDate "2022.07.22"]
[EventType "swiss"]
[EventCountry "CZE"]
[SourceTitle "playchess.com"]
[Source "ChessBase"]
[SourceQuality "1"]
[TimeControl "40/5400+30:1800+30"]

1. e4 e5 2. Nf3 Nc6 3. Bb5 a6 4. Ba4 Nf6 5. O-O Nxe4 6. d4 b5 7. Bb3 d5 8. dxe5 Be6 9. Nbd2 Be7 10. Re1 Nc5 11. c3 O-O 12. Bc2 d4 {[%emt 0:02:16] C83: Open Ruy Lopez: 9 c3 Be7.} 13. Nb3 {[%emt 0:00:55] Nxc5 is the strong threat.} d3 (13... dxc3 $1 $15 14. bxc3 Qxd1 15. Rxd1 Na4) 14. Bb1 $14 Nxb3 {[%emt 0:00:33] White is slightly better.} 15. axb3 Bf5 {[%emt 0:00:15] [#]} 16. Be3 $146 ({Predecessor:} 16. b4 Qd7 17. h3 Rfd8 18. g4 Bg6 19. Bf4 a5 20. bxa5 Nxa5 21. e6 fxe6 22. Ne5 {1-0 (57) Clarke,B (2445)-Mason,D (2070) South Normanton 2019}) 16... Qd5 17. Bd4 Rfd8 18. Re3 Nxd4 19. cxd4 c5 20. Bxd3 cxd4 21. Re2 Qe6 22. Qb1 ({Much worse is} 22. Bxf5 Qxf5 23. Rd2 (23. Nxd4 Qf4 $15) 23... d3 $17) 22... Bxd3 23. Qxd3 Rac8 24. h4 h6 25. Rd1 Bc5 26. g3 Rd5 27. Rc1 Ba7 28. Rxc8+ Qxc8 29. e6 fxe6 30. Qg6 Rd6 31. Ne5 d3 {[%emt 0:05:01] Prevents Rc2.} 32. Ng4 {[%emt 0:17:25] Black must now prevent Nxh6+.} Kh8 33. Nf6 $2 gxf6 $19 34. Qxf6+ Kh7 35. Qf7+ Kh8 36. Qf6+ {[%emt 0:00:13] [#]} Kh7 $2 (36... Kg8 $1 $19 37. Re4 {[#]} Bxf2+ $1 38. Kxf2 Qc5+ 39. Kf3 Qc6) 37. Qf7+ $11 Kh8 {[%emt 0:00:05] Weighted Error Value: White=0.25 (precise) /Black=0.33} 1/2-1/2

[Event "Czech Open-GM 2022"]
[Site "Pardubice"]
[Date "2022.07.26"]
[Round "5.20"]
[White "Skytte, Rasmus"]
[Black "Jirousek, Jan"]
[Result "1-0"]
[ECO "B11"]
[WhiteElo "2349"]
[BlackElo "2094"]
[Annotator "TA"]
[PlyCount "99"]
[EventDate "2022.07.22"]
[EventType "swiss"]
[EventCountry "CZE"]
[SourceTitle "playchess.com"]
[Source "ChessBase"]
[SourceQuality "1"]
[TimeControl "40/5400+30:1800+30"]

1. e4 c6 2. Nc3 d5 3. Nf3 Bg4 4. h3 Bxf3 5. Qxf3 e6 6. Be2 Nf6 {[%emt 0:01:18] B11: Caro-Kann: Two Knights Variation.} 7. O-O dxe4 8. Nxe4 Nxe4 {[%emt 0:00:25] White is slightly better.} 9. Qxe4 Nd7 10. d4 Nf6 11. Qd3 Be7 12. Bf3 O-O 13. Rd1 Qc7 14. Qe2 Rad8 15. c4 Rd7 16. b3 Rfd8 17. Bb2 {[%emt 0:06:54] [#]} h6 $146 ({Predecessor:} 17... a5 18. Bc3 Bb4 19. Bb2 Be7 20. Bc3 Bb4 21. Bb2 Be7 22. Bc3 Bb4 23. Bb2 Be7 {½-½ (23) Havasi,G (2319)-Ruck,R (2562) Zalakaros 2015}) 18. Rac1 Qf4 19. g3 Qf5 20. Kg2 Qa5 (20... h5 {is more complex.} 21. h4 a5 22. Qe1 g6) 21. a3 Qb6 22. b4 a6 23. Bc3 Nh7 ({Black should try} 23... Rc8 $14) 24. d5 $1 $18 cxd5 25. Bd4 Qd6 26. Bc5 (26. cxd5 $18 {Strongly threatening Bc5.} Ng5 27. Bc5) 26... Qb8 $14 27. Bb6 {[%emt 0:02:46] And now cxd5 would win.} Rc8 (27... Rf8 $16 {was called for.}) 28. cxd5 $18 Rxc1 29. Rxc1 Nf8 30. Qc4 (30. Rd1 $18 {Black must now prevent dxe6.} Qc8 31. Qe4) 30... Bd8 31. dxe6 {[%emt 0:01:40] White is more active.} Nxe6 32. Qc8 Qxc8 33. Rxc8 {[%emt 0:00:10] Bg4 is the strong threat.} Kh7 {[%emt 0:01:11] [#]} 34. Be3 Bg5 35. Be4+ g6 36. f4 Bf6 37. f5 (37. Rb8 $5 ) 37... Nd4 (37... gxf5 $14 38. Bxf5+ Kg7) 38. fxg6+ $16 fxg6 39. Rb8 Nf5 {[%emt 0:04:45] [#]} (39... Nc6 $16 40. Re8 Nd8) 40. Bf4 $1 $18 Bb2 41. Bxb7 Bxa3 (41... Kg7 $142 42. Bc8 (42. Bxa6 g5 $16) 42... Rf7 43. Bxa6 g5) 42. Bxa6 Ne7 $2 (42... Bb2 43. Rb7 Rxb7 44. Bxb7 Bc3) 43. Bb5 {[%emt 0:00:00] A strong pair of Bishops.} Rd4 44. Be5 ({Weaker is} 44. Rb7 Bxb4 45. Be5 Rd2+ 46. Kf3 Rd8 $18) 44... Rd2+ 45. Kf3 g5 46. Bc3 {[%emt 0:00:00] Intending Rh8+ and mate.} Rd5 47. Rh8+ {[%emt 0:00:00] White mates.} Kg6 48. Be8+ Kf5 49. Rf8+ Ke6 50. Rf6# {[%emt 0:00:00] Weighted Error Value: White=0.14 (very precise) /Black=0.49} 1-0

[Event "Czech Open-GM 2022"]
[Site "Pardubice"]
[Date "2022.07.26"]
[Round "5.21"]
[White "Lokander, Martin"]
[Black "Hrbek, Stepan"]
[Result "1/2-1/2"]
[ECO "D36"]
[WhiteElo "2483"]
[BlackElo "2272"]
[Annotator "TA"]
[PlyCount "57"]
[EventDate "2022.07.22"]
[EventType "swiss"]
[EventCountry "CZE"]
[SourceTitle "playchess.com"]
[Source "ChessBase"]
[SourceQuality "1"]
[TimeControl "40/5400+30:1800+30"]

1. d4 d5 2. c4 e6 3. Nc3 Nf6 4. cxd5 exd5 5. Bg5 c6 6. Qc2 Be7 7. e3 Nbd7 8. Bd3 O-O 9. Nf3 h6 10. Bh4 Re8 11. Nd2 {[%emt 0:04:19] D36: Queen's Gambit Declined: Exchange Variation: Main line (5 Bg5 c6 6 Qc2).} c5 {[%emt 0:05:57] [#]} 12. dxc5 $146 ({Predecessor:} 12. Nf3 a6 13. dxc5 Nxc5 14. O-O Bg4 15. Nd4 Rc8 16. Nf5 Bf8 17. h3 Nxd3 18. Qxd3 Bxf5 19. Qxf5 {1-0 (29) Keymer,V (2568)-Piceu,T (2347) Karlsruhe 2020}) 12... Nxc5 {[%emt 0:12:13] [#] And now ...d4 would win.} 13. Nf3 Nxd3+ (13... g5 $5 14. Bg3 Nfe4 $11) 14. Qxd3 Qb6 15. O-O Be6 (15... Qxb2 {feels hotter.} 16. Bxf6 Bxf6 17. Nxd5 Bg4) 16. Nd4 a6 17. Nb3 {[%emt 0:07:13] Pair of Knights!} Rac8 {[%emt 0:08:08] The position is equal.} 18. Rfd1 Red8 19. Qd4 Qxd4 20. Nxd4 Rc4 21. h3 Rdc8 22. Rd3 g5 23. Bg3 b5 24. Rad1 Ne4 25. Nce2 Nc5 26. R3d2 {[%emt 0:00:10] [#] Strongly threatening b3.} Ne4 27. Rd3 Nc5 28. R3d2 {[%emt 0:06:35] Black must now prevent b3.} Ne4 29. Rd3 {[%emt 0:00:05] A balanced but interesting game.  Weighted Error Value: White=0.11 (very precise) /Black=0.08 (flawless)} 1/2-1/2

[Event "Czech Open-GM 2022"]
[Site "Pardubice"]
[Date "2022.07.26"]
[Round "5.22"]
[White "Horak, Martin"]
[Black "Haring, Filip"]
[Result "0-1"]
[ECO "D37"]
[WhiteElo "2238"]
[BlackElo "2451"]
[Annotator "TA"]
[PlyCount "80"]
[EventDate "2022.07.22"]
[EventType "swiss"]
[EventCountry "CZE"]
[SourceTitle "playchess.com"]
[Source "ChessBase"]
[SourceQuality "1"]
[TimeControl "40/5400+30:1800+30"]

1. d4 Nf6 2. c4 e6 3. Nf3 d5 4. Nc3 a6 5. c5 Be7 6. Bf4 {[%emt 0:06:34] D37: Queen's Gambit Declined: 5 Bf4.} Nh5 7. e3 O-O 8. Bd3 {[%emt 0:03:13] The position is equal.} Nxf4 9. exf4 Nc6 10. a3 a5 11. O-O {[%emt 0:05:03] [#]} Bd7 $146 ({Predecessor:} 11... Bf6 12. Re1 b6 13. cxb6 cxb6 14. Rc1 Bd7 15. Ne5 g6 16. Bb5 Nxe5 17. fxe5 Bg5 {½-½ (46) Xu,Y (2541)-Pang,T (2328) Daqing 2018}) 12. Rb1 b6 13. b4 axb4 14. axb4 bxc5 15. bxc5 Bf6 16. Bb5 Ne7 17. Bd3 Ra3 18. Qc2 g6 19. Ra1 Rxa1 20. Rxa1 Nc6 21. Ne2 Qb8 22. Rb1 Qa7 23. Bb5 Rb8 24. h3 Kg7 25. Bxc6 Bxc6 26. Rxb8 Qxb8 27. Ne5 Be8 28. Qd2 Qb1+ 29. Kh2 h5 30. Qe3 Qc2 31. g4 Bb5 32. Ng1 (32. Nc3 $11 {and White is okay.} Be8 33. Nf3) 32... Bh4 $19 33. Kg2 {[%emt 0:03:42] [#]} Qd1 $1 34. Nef3 Qf1+ 35. Kh1 Bxf2 {[%emt 0:01:08] This bishop pair is nice.} (35... Qxf2 $19 36. Qd2 Qxd2 37. Nxd2 Bg3) 36. Qe5+ $11 Kg8 {[%emt 0:00:29] ( -> ...hxg4)} 37. gxh5 {[%emt 0:00:13][%mdl 8192] [#]} (37. Qxc7 $11 hxg4 38. Qb8+ Kh7 39. Ng5+ Kg7 40. Qe5+ Kf8 41. Qd6+ Ke8 42. Qb8+ Ke7 43. Qd6+ Kf6 44. Qe5+ Ke7 45. Qd6+ Kf6 46. Qe5+ Ke7 47. Qd6+) 37... Bxg1 $19 38. Nxg1 Bd3 {[%emt 0:00:11] Black mates.} 39. Qe3 Be4+ 40. Kh2 Qg2# {Weighted Error Value: White=0.50/Black=0.14 (very precise)} 0-1

[Event "Czech Open-GM 2022"]
[Site "Pardubice"]
[Date "2022.07.26"]
[Round "5.23"]
[White "Akesson, Ralf"]
[Black "Goroshkov, Maksym"]
[Result "0-1"]
[ECO "A05"]
[WhiteElo "2427"]
[BlackElo "2240"]
[Annotator "TA"]
[PlyCount "148"]
[EventDate "2022.07.22"]
[EventType "swiss"]
[EventCountry "CZE"]
[SourceTitle "playchess.com"]
[Source "ChessBase"]
[SourceQuality "1"]
[TimeControl "40/5400+30:1800+30"]

1. Nf3 Nf6 2. c4 e6 3. g3 b6 4. Bg2 Bb7 5. d4 d5 6. cxd5 exd5 7. O-O Bd6 8. Nc3 O-O 9. Ne5 {[%emt 0:07:34] D02: 1 d4 d5 2 Nf3 sidelines, including 2...Nf6 3 g3 and 2...Nf6 3 Bf4.} Nbd7 10. Nc4 Bb4 {[%emt 0:01:36] [#]} 11. Bf4 $146 {[%emt 0:09:23] The position is equal.} ({Predecessor:} 11. Ne3 c6 12. a3 Bd6 13. Nf5 Bc7 14. Bg5 h6 15. Bh4 Kh7 16. f4 g6 17. Ne3 {1-0 (39) Pytel,K (2410)-Therkildsen,T (2298) Le Touquet 2007}) 11... Bxc3 12. bxc3 Ne4 {[%emt 0:00:20] [#]} 13. Qc2 $1 dxc4 (13... Re8 14. Nd2) 14. Bxe4 Bxe4 15. Qxe4 Nf6 16. Qg2 Re8 {[%emt 0:01:47] Prevents e4.} 17. Rfe1 Nd5 18. Bd2 f5 19. e3 Nf6 20. Qc6 Qd5 21. Qxd5+ Nxd5 22. f3 Nf6 23. Rab1 c6 24. h3 h5 {[%emt 0:01:07] Against g4} 25. Re2 b5 26. Rbe1 Re6 27. e4 fxe4 (27... Rae8 $5 ) 28. fxe4 Rae8 29. e5 Nd5 30. Kg2 a5 (30... Kf7 {with more complications.} 31. Rf2+ Kg6 32. Rb1 a5) 31. Rc1 a4 (31... Kf7 {feels hotter.} 32. Rf2+ Kg6 33. g4 hxg4 34. hxg4 c5) 32. a3 Rf8 33. Re4 Rf5 34. g4 hxg4 35. hxg4 Rf7 36. Kg3 (36. Ree1 $11 {remains equal.}) 36... Re8 $17 {[%emt 0:02:30] 0x0.001e3ab1db1adp-1022s more active pieces.} 37. Re2 Nc7 (37... Ref8 $17 38. g5 Rf1 39. Rxf1 Rxf1) 38. Rh1 $15 Ref8 {[%emt 0:00:37] With the idea ...Rf3+.} 39. g5 $1 Rf3+ 40. Kg4 $1 Rf2 41. Rxf2 Rxf2 $11 {[%emt 0:30:06][%mdl 4096] Endgame KRB-KRN} 42. Be1 Ra2 43. Kf5 $2 (43. Bg3 $1 $11 {and White has nothing to worry.}) 43... Rxa3 $2 ({Black should try} 43... Ra1 $19 44. g6 b4 45. cxb4 (45. axb4 $2 a3 $19) 45... Rd1) 44. e6 Ra2 45. Ke5 $2 (45. Bg3 $11 {and White stays safe.} Ne8 46. g6) 45... Ne8 $2 ({Black should play} 45... b4 $1 $19 {[%cal Rb4b3] aiming for ...b3.} 46. e7 (46. Kd6 $2 Nxe6 47. cxb4 Nxg5 $19) 46... Re2+ 47. Kd6 b3 $1) 46. d5 $1 $15 Re2+ 47. Kd4 cxd5 48. Kxd5 {[%emt 0:00:00] [#]} (48. Bg3 $1 $15) 48... Nc7+ $1 $17 49. Kc6 Nxe6 50. Kxb5 a3 ({Worse is} 50... Nxg5 51. Kxa4 Rb2 52. Bg3 $15) 51. Kxc4 $2 (51. Bg3 $17 {was necessary.}) 51... a2 $2 (51... Nxg5 $19 {and Black stays clearly on top.} 52. Kb3 a2) 52. Bg3 Rb2 (52... Nxg5 $17 53. Ra1 Ne4) 53. Ra1 $11 Nxg5 {[%emt 0:00:00] Strongly threatening ...Ne4.} 54. Bd6 $1 Ne4 55. Ba3 Rh2 56. Kd3 Nf6 57. Kc4 $1 Kf7 58. Kb3 Ne4 59. Rc1 (59. Rxa2 $11 {keeps the balance.} Rxa2 60. Kxa2) 59... g5 $17 {[%emt 0:00:00] ...g4 is the strong threat. White is now going downhill.} 60. c4 Nd2+ 61. Kxa2 Nxc4+ $1 62. Kb3 $2 (62. Ka1 $17) 62... Nxa3 $19 63. Kxa3 {[%emt 0:00:06] KR-KR} Kg6 {[%emt 0:00:00] Black mates.} 64. Kb3 Rh8 65. Rc6+ Kh5 66. Kc3 Rd8 67. Rc7 Kh4 68. Rh7+ Kg3 69. Rg7 g4 70. Kc2 Kf3 71. Rf7+ Kg2 72. Rg7 g3 73. Rg6 Kf2 74. Rf6+ Kg1 {[%emt 0:00:00] Weighted Error Value: White=0.26 (precise) /Black=0.22 (precise)} 0-1

[Event "Czech Open-GM 2022"]
[Site "Pardubice"]
[Date "2022.07.26"]
[Round "5.24"]
[White "Smith, Bryan"]
[Black "Mullick, Raahil"]
[Result "0-1"]
[ECO "B90"]
[WhiteElo "2421"]
[BlackElo "2237"]
[Annotator "TA"]
[PlyCount "74"]
[EventDate "2022.07.22"]
[EventType "swiss"]
[EventCountry "CZE"]
[SourceTitle "playchess.com"]
[Source "ChessBase"]
[SourceQuality "1"]
[TimeControl "40/5400+30:1800+30"]

1. e4 c5 2. Nf3 d6 3. d4 cxd4 4. Nxd4 Nf6 5. Nc3 a6 6. Qd3 {[%emt 0:00:11] B90: Sicilian Najdorf: Unusual White 6th moves, 6 Be3 Ng4 and 6 Be3 e5.} Nbd7 7. Be2 g6 8. Bg5 {[%emt 0:00:09] White has an edge.} Bg7 9. O-O-O O-O 10. h4 {[%emt 0:13:03] [#]} h6 $146 ({Predecessor:} 10... h5 11. Kb1 b5 12. Nc6 Qe8 13. Nd5 Nxd5 14. exd5 f6 15. Be3 Ne5 16. Nxe5 fxe5 {0-1 (37) Gergel,V (2232)-Bashirli,N (1963) Marianske Lazne 2015}) 11. f4 (11. Bxf6 $14 Nxf6 12. h5) 11... Nc5 $15 (11... hxg5 $6 12. hxg5 Nc5 13. Qe3 $17) 12. Qe3 hxg5 13. hxg5 e5 $1 14. Nf5 gxf5 $4 (14... exf4 $15 {keeps the upper hand.} 15. Qxf4 gxf5 16. Rxd6 Nfxe4 $1 17. Rxd8 Rxd8 18. Nxe4 Nxe4) 15. gxf6 $18 Qxf6 {[%emt 0:01:22] Strongly threatening ...exf4.} 16. Nd5 Qd8 17. Qh3 $4 (17. Rh5 $1 $18 {is the narrow road to win.}) 17... Re8 $19 18. g4 Be6 {[%emt 0:08:45] Hoping for ...Bxd5.} (18... fxe4 19. f5 $11) 19. gxf5 {[%emt 0:00:35] Qh7+ would kill now.} Bxd5 20. Rdg1 {[%emt 0:04:22][%csl Gh1][%cal Rh3h8] [#]} Kf8 $1 21. Rxg7 {[%emt 0:03:18][%cal Og7g8] Intending Rg8+! and mate.} Qf6 (21... Bxa2 {[#] is a self mate.} 22. Rg8+ $3 (22. Qh7 Rc8 $17) 22... Ke7 23. f6+ Kxf6 24. Qh4+ Ke6 25. Bg4+ f5 26. Bxf5+ Kf7 27. Qh7+ Kf6 28. Rh6#) (21... Bxe4 $2 22. Qh8+ (22. Qh7 $2 Qf6 $19) 22... Ke7 23. Rxf7+ $3 Kxf7 24. Rh7#) 22. Rhg1 Nxe4 ({Don't take} 22... Bxe4 23. Rxf7+ Qxf7 24. Qh6+ Ke7 25. Rg7 $18) 23. R1g6 (23. Bh5 $142 Qxg7 24. Rxg7 Kxg7 25. Qg4+ Kf8 26. Qh4) 23... Qxg7 24. Rxg7 Kxg7 {[%emt 0:00:09] Chess con chili.} 25. Qg4+ Kf8 26. Qh4 f6 $2 (26... Bxa2 27. f6 Nxf6 28. Qxf6 $16) ({Black should try} 26... exf4 $19 {Threatens to win with ...f6.} 27. Bf3 Rac8 28. Qh8+ Ke7) 27. Bf3 exf4 (27... Bxa2 $2 28. Bxe4 Ke7 29. fxe5 dxe5 30. Bxb7 $18) 28. Qxf4 $2 (28. Bxe4 $11 Rxe4 29. Qxf6+ Ke8 30. Qh8+ Kd7 31. Qxa8) 28... Rac8 {[%emt 0:02:20] Black is clearly winning.} 29. c3 (29. Qh4 $142 Kg8 30. Qh6) 29... Re5 {[%emt 0:00:27][%cal Oe4c3] ...Nxc3! is the strong threat.} 30. Bxe4 Bxe4 31. Qh6+ Ke7 32. Qg7+ Kd8 33. Qxf6+ Kd7 34. Qg7+ Kc6 {[%emt 0:00:22] aiming for ...Bd5.} 35. f6 Bd5 36. b3 (36. f7 $142 Rf5 37. Qg4 Rf1+ 38. Kd2) 36... Rg8 37. Qh6 Re2 {[%emt 0:00:19] Weighted Error Value: White=0.77/Black=0.33} 0-1